AoeStats
← El que te Lo Mete

Arena

510301323Analyzed
1v1 RM · 8h ago on Sep 30, 2026· 32m 29s· 2 players
Game mode
Random Map
Map size
Tiny (2 player)
Population
200
Speed
Normal
Resources
Standard
Victory
Conquest
Starting age
Dark Age
Ending age
Imperial Age
RankedLock teamsTeams togetherTeam positionsShared explorationLock speedFull tech treeHidden civsTurbo modeCheats
Victory
Defeat
🇮🇹 Portuguese · Italy
591
+18
🇺🇸 Inca · United States
636
-18
Giampy12
0:41 Loom
14:12 Feudal Age
19:07 Castle Age
29:55 Imperial Age
33:43 Wheelbarrow
El que te Lo Mete
0:44 Loom
13:11 Feudal Age
15:45 Wheelbarrow
17:40 Double-Bit Axe
20:24 Castle Age
18:34 Champi Runner
19:01 Horse Collar
21:48 Heavy Plow
26:29 Bow Saw
26:33 Champi Warrior
27:35 Squires
29:57 Forging
29:48 Scale Mail Armor
30:58 Hand Cart
Connection lost

Rejoining the realm…

Still unreachable

The connection could not be restored.

Session expired

The server has moved on; the page needs a fresh start.